 Dungeon Crawl Stone Soup version 0.17-a0-2027-gcac42c4 (webtiles) character file.

327 Alipheese the Chopper (level 6, 0/52 HPs)
             Began as a Naga Gladiator on Oct 10, 2015.
             Was an Initiate of Makhleb.
             Slain by an iguana (11 damage)
             ... on level 4 of the Dungeon.
             The game lasted 00:03:48 (3043 turns).

Alipheese the Chopper (Naga Gladiator)              Turns: 3043, Time: 00:03:49

Health: 0/52       AC:  7    Str: 18    XL:     6   Next: 50%
Magic:  7/8        EV: 10    Int: 10    God:    Makhleb [......]
Gold:   200        SH:  0    Dex: 11    Spells: 0 memorised, 5 levels left

rFire  . . .     SeeInvis +     a - +0 war axe
rCold  . . .     Clarity  .     b - +0 leather armour
rNeg   . . .     SustAt   .     (no shield)
rPois  +         Gourm    .     c - +0 helmet
rElec  .         Spirit   .     g - +2 cloak
rCorr  .         Warding  .     (no gloves)
rMut   .         Stasis   .     (no barding)
MR     .....                    (no amulet)
Stlth  ++........               (no ring)
                                s - ring of stealth {Stlth+}

@: very slightly contaminated, very slow, not resistant to hostile enchantments,
unstealthy
A: see invisible, deformed body, poison resistance, slowness 2, slow metabolism
1, spit poison 2, AC +2
a: Spit Poison, Renounce Religion


You were on level 4 of the Dungeon.
You worshipped Makhleb.
Makhleb was noncommittal.
You were hungry.

You visited 1 branch of the dungeon, and saw 4 of its levels.

You collected 200 gold pieces.


Innate Abilities, Weirdness & Mutations

You cannot wear boots.
Your serpentine skin is tough (AC +2).
You have supernaturally acute eyesight.
Armour fits poorly on your strangely shaped body.
Your system is resistant to poisons.
You cover ground very slowly.
You have a slow metabolism.
You can spit poison.

Inventory:

Hand Weapons
 a - a +0 war axe (weapon)
Missiles
 d - 3 throwing nets (quivered)
 h - 25 poisoned needles
Armour
 b - a +0 leather armour (worn)
 c - a +0 helmet (worn)
 g - a +2 cloak (worn)
Jewellery
 s - a ring of stealth (left hand) {Stlth+}
Wands
 p - a wand of lightning (8)
Scrolls
 f - a scroll of magic mapping
 l - a scroll of remove curse
 m - 2 scrolls of recharging
 o - a scroll of noise
Potions
 j - a potion of haste
 n - a potion of flight {unknown}
 q - a potion of mutation {unknown}
Comestibles
 e - 3 bread rations
 k - a meat ration
 r - a chunk of flesh


You had 5 spell levels left.
You didn't know any spells.


   Skills:
 - Level 2.0 Fighting
 * Level 6.5 Axes
 - Level 1.7 Throwing
 - Level 2.4 Dodging
 + Level 2.7 Invocations

Dungeon Overview and Level Annotations

Branches:
Dungeon (4/15)
 Temple: D:4-7

Altars:
Fedhas
Makhleb
Nemelex Xobeh
Qazlal
Vehumet

Vault maps used:
D:1:      lemuel_arrival_broad_hall
D:2:      grunt_temple_overflow_cloverleaf
D:3:      fedhas_altar_1
D:4:      led_sif_book, nicolae_overflow_hidden_temple, first_bread
You       could see an iguana.


Message History

The adder bites you but does no damage.
You hit the adder.
The adder is moderately wounded.
The adder barely misses you.
You slash the adder!
The adder is severely wounded.
The adder bites you but does no damage.
You closely miss the adder.
The adder is severely wounded.
The adder bites you but does no damage.
You closely miss the adder.
The adder is severely wounded.
The adder closely misses you.
You slash the adder!
You kill the adder!
Makhleb accepts your kill.
You see here an adder corpse.
The iguana hisses angrily.
You see here an adder corpse.
You butcher the adder corpse.
r - 2 chunks of flesh Eating one of 2 chunks of flesh.
This raw flesh tastes terrible.
You are feeling hungry.
Your extra speed is starting to run out.
You continue eating. x2
The iguana bites you.
You take 1 damage, and have 51/52 hp.
An iguana is nearby!
An iguana is nearby!
You completely miss the iguana. The iguana bites you.
You take 6 damage, and have 45/52 hp.
You hit the iguana but do no damage.
You feel yourself slow down. The iguana bites you.
You take 1 damage, and have 44/52 hp.
You completely miss the iguana. The iguana bites you!
You take 13 damage, and have 31/52 hp.
MASSIVE DAMAGE!!
You hit the iguana but do no damage. The iguana bites you!
* * * LOW HITPOINT WARNING * * *
You take 13 damage, and have 18/52 hp.
MASSIVE DAMAGE!!
You hit the iguana but do no damage. The iguana bites you!
* * * LOW HITPOINT WARNING * * *
The iguana bites you.
* * * LOW HITPOINT WARNING * * *
You take 14 damage, and have 4/52 hp.
MASSIVE DAMAGE!!
Unknown command.
Unknown command.
Drink which item? (? for menu, Esc to quit)
You feel better. The iguana bites you!
You die...

Action                   |  1- 3 |  4- 6 || total
-------------------------+-------+-------++-------
Melee: War axe           |   116 |    50 ||   166
Throw: Throwing net      |       |     1 ||     1
 Abil: Spit Poison       |     1 |     2 ||     3
Evoke: Wand              |       |     7 ||     7
  Use: Scroll            |     4 |     5 ||     9
       Potion            |       |     3 ||     3
 Stab: Sleeping          |     1 |       ||     1
  Eat: Chunk             |     1 |     4 ||     5

Notes
Turn   | Place    | Note
--------------------------------------------------------------
     0 | D:1      | Alipheese the Naga Gladiator began the quest for the Orb.
     0 | D:1      | Reached XP level 1. HP: 19/19 MP: 1/1
   191 | D:1      | Reached XP level 2. HP: 24/26 MP: 2/2
   883 | D:1      | Reached skill level 4 in Axes
   943 | D:1      | Reached XP level 3. HP: 28/32 MP: 3/3
  1640 | D:2      | Found a sparkling altar of Nemelex Xobeh.
  1652 | D:2      | Found a stormy altar of Qazlal.
  1668 | D:2      | Found a radiant altar of Vehumet.
  1671 | D:2      | Found a burning altar of Makhleb.
  1677 | D:2      | Became a worshipper of Makhleb the Destroyer
  1698 | D:2      | Reached XP level 4. HP: 32/39 MP: 4/4
  2235 | D:3      | Reached skill level 5 in Axes
  2407 | D:3      | Found a blossoming altar of Fedhas.
  2941 | D:4      | Noticed Alipheese's ghost (amateur NaGl)
  3007 | D:4      | Killed Alipheese's ghost
  3007 | D:4      | Reached skill level 6 in Axes
  3007 | D:4      | Reached XP level 5. HP: 45/45 MP: 4/7
  3007 | D:4      | Reached XP level 6. HP: 52/52 MP: 4/8
  3043 | D:4      | Slain by an iguana

Table legend:
 A = Turns spent in this place as a percentage of turns spent in the entire game.
 B = Non-inter-level travel turns spent in this place as a percentage of non-inter-level travel turns spent in the entire game.
 C = Inter-level travel turns spent in this place as a percentage of turns spent in this place.
 D = Turns resting spent in this place as a percentage of non-inter-level travel turns spent in this place.
 E = Turns spent auto-exploring this place as a percentage of non-inter-level travel turns spent in this place.
 F = Non-inter-level travel turns spent in this place divided by the number of levels of this place that you've seen.
                   A       B       C       D       E      F
               +-------+-------+-------+-------+-------+----------------------
         Total | 100.0 | 100.0 |   0.5 |   2.5 |  14.9 | 200.8
       Dungeon | 100.0 | 100.0 |   0.5 |   2.5 |  14.9 | 200.8
               +-------+-------+-------+-------+-------+----------------------

Table legend:
 A = Kills in this place as a percentage of kills in entire the game.
 B = Kills by you in this place as a percentage of kills by you in the entire game.
 C = Kills by friends in this place as a percentage of kills by friends in the entire game.
 D = Other kills in this place as a percentage of other kills in the entire game.
 E = Experience gained in this place as a percentage of experience gained in the entire game.
 F = Experience gained in this place divided by the number of levels of this place that you have seen.
                   A       B       C       D       E      F
               +-------+-------+-------+-------+-------+----------------------
         Total | 100.0 | 100.0 |  -nan |  -nan | 100.0 | 117.0
       Dungeon | 100.0 | 100.0 |  -nan |  -nan | 100.0 | 117.0
               +-------+-------+-------+-------+-------+----------------------

Vanquished Creatures
  The ghost of Alipheese the Chopper, an amateur NaGl of Makhleb (D:4)
  A hound skeleton (D:4)
  3 adders
  An ooze (D:3)
  2 worms (D:2)
  2 giant geckos (D:1)
  3 giant cockroaches
  8 goblins
  11 hobgoblins
  10 kobolds
  A quokka (D:2)
  7 bats
  3 giant newts
  A quokka skeleton (D:3)
  8 rats
62 creatures vanquished.
